 Dungeon Crawl Stone Soup version 0.23-a0-398-g8eab93f (webtiles) character file.

1616 HDogLeCool the Cleaver (level 8, -5/109 HPs)
             Began as a Minotaur Berserker on Nov 2, 2018.
             Was an Elder of Trog.
             Slain by an orc warrior
             ... wielding a +0 war axe
              (9 damage)
             ... on level 6 of the Dungeon.
             The game lasted 00:16:45 (4927 turns).

HDogLeCool the Cleaver (Minotaur Berserker)         Turns: 4927, Time: 00:16:46

Health: -5/109     AC: 24    Str: 24    XL:     8   Next: 64%
Magic:  7/7        EV:  2    Int:  4    God:    Trog [****..]
Gold:   327        SH:  0    Dex: 10    Spells: 7/7 levels left

rFire    . . .     SeeInvis .   a - +0 hand axe
rCold    . . .     Gourm    .   (no shield)
rNeg     + + +     Faith    .   (armour currently unavailable)
rPois    +         Spirit   .   (helmet currently unavailable)
rElec    .         Reflect  .   (cloak currently unavailable)
rCorr    .         Harm     .   (gloves currently unavailable)
MR       .....     NoTele   +   (boots currently unavailable)
Stlth    +.........             b - amulet of regeneration
HPRegen  0.68/turn              (no ring)
MPRegen  0.10/turn              (no ring)

@: tree-form, berserk cooldown, slowed, very slow
A: (retaliatory headbutt)
a: Berserk, Trog's Hand, Brothers in Arms, Renounce Religion


You were on level 6 of the Dungeon.
You worshipped Trog.
Trog was greatly pleased with you.
You were hungry.
You were a tree.
You visited 1 branch of the dungeon, and saw 6 of its levels.
You also visited: Ossuary.

You collected 327 gold pieces.

Inventory:

Hand Weapons
 a - a +0 hand axe (weapon)
Missiles
 l - 133 stones (quivered)
 E - 2 throwing nets
Armour
 i - a +0 chain mail (melded)
Jewellery
 b - an amulet of regeneration (around neck)
 C - a +6 amulet of reflection {unknown}
Wands
 n - a wand of acid (6)
Scrolls
 d - 3 scrolls of teleportation {unknown}
 e - 4 scrolls of remove curse
 f - 3 scrolls of immolation {unknown}
 g - 2 scrolls of enchant armour {unknown}
 h - 4 scrolls of magic mapping {unknown}
 j - a scroll of random uselessness {unknown}
 o - a scroll of enchant weapon {unknown}
 s - a scroll of blinking {unknown}
 w - a scroll of fear {unknown}
 y - a scroll of identify
 D - a scroll of amnesia {unknown}
 F - a scroll of noise {unknown}
Potions
 k - 3 potions of might
 m - 4 potions of flight
 q - a potion of resistance {unknown}
 r - 2 potions of curing {unknown}
 t - a potion of haste {unknown}
 u - a potion of ambrosia {unknown}
 v - 3 potions of lignification
 x - a potion of cancellation {unknown}
 z - 2 potions of brilliance {unknown}
 A - 2 potions of degeneration {unknown}
 G - a potion of agility {unknown}
Comestibles
 c - 14 rations
 B - 6 chunks of flesh


   Skills:
 + Level 7.6 Fighting
 * Level 8.9 Axes
 + Level 6.1 Armour
 + Level 5.5 Dodging


You had 7 spell levels left.
You didn't know any spells.
Your spell library was empty.

Dungeon Overview and Level Annotations

Branches:
Dungeon (6/15)
 Temple: D:4-7

Altars:


Innate Abilities, Weirdness & Mutations

((You reflexively headbutt those who attack you in melee.))
((You have a pair of horns on your head.))


Message History

The orc warrior is heavily wounded.
The orc priest miscasts a cantrip.
The orc warrior hits you with a +0 war axe!!
* * * LOW HITPOINT WARNING * * *
You are too berserk!
You are no longer berserk.
You are exhausted.
You feel yourself slow down.
Okay, then.
Okay, then.
Okay, then.
You turn into a tree.
Your +0 chain mail melds into your body.
Your roots penetrate the ground.
The orc priest begins to cast a cantrip, but forgets the words!
The orc warrior hits you but does no damage.
You hit the orc warrior.
The orc warrior is severely wounded.
The orc warrior hits you with a +0 war axe!
You die...

....... ..?.... .......
....... ## ....... ..
....... .#
(......##########.#
.......ooo♣.....#.# ##
......#.#####.....#..#.#
...(# #.# #.....÷.......
..$ #o# #.#.).#......# .


oo# #.#))...##...# ..# # #<)...# ..# #..# #.#...# .# #..# #.#.....# # #[.#
#.#...#.# You could see an orc warrior, an orc priest and an orc.

Vanquished Creatures
  Sigmund (D:2)
  3 ogres
  A gnoll sergeant (D:5)
  A bullfrog (D:6)
  2 water moccasin zombies (Ossuary)
  2 scorpions
  A howler monkey (D:4)
  3 crimson imps
  A hound (D:5)
  5 orc priests
  Jessica (D:2)
  Ijyb (D:3)
  Natasha (thrice) (D:2)
  2 orc wizards (D:5)
  Terence (D:2)
  A worker ant (D:4)
  2 big kobold zombies (Ossuary)
  2 mummies (Ossuary)
  9 gnolls (D:5)
  8 adders
  A shadow imp (D:5)
  3 adder zombies (Ossuary)
  A dart slug (D:1)
  12 orcs
  8 bats
  4 giant cockroaches (D:4)
  3 gnoll zombies (Ossuary)
  10 goblins
  5 hobgoblins
  7 jackals
  9 kobolds
  2 quokkas (D:5)
  8 frilled lizards
  7 hobgoblin zombies (Ossuary)
  A jackal skeleton (D:5)
  5 kobold zombies (Ossuary)
  6 orc zombies (Ossuary)
  6 rats
148 creatures vanquished.

Notes
Turn   | Place    | Note
-------+----------+-------------------------------------------
     0 | D:1      | HDogLeCool the Minotaur Berserker began the quest for the
                  | Orb.
     0 | D:1      | Reached XP level 1. HP: 19/19 MP: 0/0
   161 | D:1      | Reached XP level 2. HP: 21/27 MP: 1/1
   176 | D:1      | Reached skill level 4 in Axes
   880 | D:1      | Reached XP level 3. HP: 33/33 MP: 2/2
  1318 | D:2      | Noticed Jessica
  1329 | D:1      | Reached ** piety under Trog
  1591 | D:2      | Noticed Natasha
  1594 | D:2      | Killed Natasha
  1595 | D:2      | Reached XP level 4. HP: 41/41 MP: 3/3
  1620 | D:2      | Killed Jessica
  1672 | D:2      | Noticed Natasha
  1792 | D:2      | Noticed Sigmund
  2047 | D:2      | Killed Sigmund
  2047 | D:2      | Reached skill level 5 in Fighting
  2047 | D:2      | Reached skill level 5 in Axes
  2047 | D:2      | Reached XP level 5. HP: 27/48 MP: 4/4
  2164 | D:2      | Killed Natasha
  2164 | D:2      | Reached XP level 6. HP: 38/56 MP: 5/5
  2287 | D:2      | Noticed Terence
  2301 | D:2      | Killed Terence
  2354 | D:2      | Noticed Natasha
  2367 | D:2      | Killed Natasha
  2643 | D:3      | Noticed Ijyb
  2821 | D:3      | Killed Ijyb
  3155 | D:4      | Reached skill level 6 in Axes
  3254 | D:4      | Reached XP level 7. HP: 63/63 MP: 6/6
  3257 | D:4      | Reached *** piety under Trog
  3444 | D:4      | Reached skill level 7 in Axes
  3565 | D:4      | Found a sand-covered staircase.
  3574 | Ossuary  | Entered an ossuary
  3686 | Ossuary  | Reached skill level 5 in Armour
  3735 | Ossuary  | Reached **** piety under Trog
  4070 | D:5      | Entered Level 5 of the Dungeon
  4220 | D:5      | Reached XP level 8. HP: 71/71 MP: 7/7
  4241 | D:5      | Reached skill level 8 in Axes
  4246 | D:5      | Reached skill level 5 in Dodging
  4924 | D:6      | HP: 2/109 [orc warrior/+0 war axe (18)]
  4927 | D:6      | Slain by an orc warrior

Vault maps used:
D:1:      dpeg_arrival_subterranean_lakeside_camping, serial_rivers,
          chequers_serial_rivers_micro_a, chequers_serial_rivers_room_a,
          chequers_serial_rivers_large_a, chequers_serial_rivers_small_b,
          chequers_serial_rivers_micro_a, chequers_serial_rivers_small_3
D:2:      hangedman_decor_opposing, uniq_natasha, uniq_sigmund, uniq_terence,
          uniq_jessica
D:3:      first_ration, minmay_misc_feat_x, uniq_ijyb
D:4:      nicolae_ossuary_entry_monument
D:6:      eino_small_chamber_without_monster
Ossuary:  ossuary_tomb_2

Skill      XL: |  1  2  3  4  5  6  7  8 |
---------------+-------------------------+-----
Fighting       | 4 5 6 7 |  7.6
Axes           | 4 5 6 7 8 |  8.9
Armour         | 3 4 5 6 |  6.1
Dodging        | 3 4 5 |  5.5

Action                   |  1- 3 |  4- 6 |  7- 9 || total
-------------------------+-------+-------+-------++-------
Melee: Hand axe          |    59 |   125 |   208 ||   392
       Headbutt          |     4 |    26 |    40 ||    70
Throw: Stone             |       |    12 |       ||    12
Invok: Berserk           |       |     1 |     3 ||     4
       Trog's Hand       |       |     1 |     1 ||     2
  Use: Scroll            |       |     5 |     1 ||     6
       Potion            |       |       |     2 ||     2
  Eat: Ration            |     1 |       |       ||     1
       Chunk             |       |     4 |     9 ||    13
Armor: Animal skin       |     6 |       |       ||     6
       Chain mail        |    25 |    66 |    99 ||   190
       Skin              |       |       |     1 ||     1
Dodge: Dodged            |    38 |    45 |   111 ||   194

Table legend:
 A = Non-vault XP
 B = Vault XP
 C = Vault XP percentage of total XP
 D = Non-vault monster count
 E = Vault monster count
 F = Vault count percentage of total count
                 A         B        C        D         E       F
            +---------+---------+-------+---------+---------+-------
      Total |    1664 |     645 |  27.9 |     107 |      41 |  27.7
            +---------+---------+-------+---------+---------+-------
        D:1 |      52 |      10 |  16.1 |      23 |       6 |  20.7
        D:2 |     109 |     316 |  74.4 |      20 |       4 |  16.7
        D:3 |      32 |      36 |  52.9 |      12 |       1 |   7.7
        D:4 |     535 |       0 |   0.0 |      18 |       0 |   0.0
        D:5 |     710 |       0 |   0.0 |      28 |       0 |   0.0
        D:6 |     226 |       0 |   0.0 |       6 |       0 |   0.0
    Ossuary |       0 |     283 | 100.0 |       0 |      30 | 100.0
            +---------+---------+-------+---------+---------+-------
